 Seeded DCSS version 0.30-a0-377-g5cb311bc9f (webtiles) character file.

Game seed: 12959359503278850223 (custom seed)

254 retardedninja the Trooper (level 6, -6/56 HPs)
             Began as a Hill Orc Fighter on Nov 30, 2022.
             Mangled by an ogre
             ... wielding a +0 giant club
              (10 damage)
             ... on level 3 of the Dungeon.
             The game lasted 00:03:52 (2701 turns).

retardedninja the Trooper (Hill Orc Fighter)        Turns: 2701, Time: 00:03:52

Health: -6/56      AC: 12    Str: 21    XL:     6   Next: 14%
Magic:  21/21      EV:  6    Int:  8    God:
Gold:   139        SH:  4    Dex: 10    Spells: 5/5 levels left

rFire   . . .      SeeInvis .    a - +0 war axe
rCold   . . .      Faith    +    c - +0 buckler
rNeg    . . .      Spirit   .    h - +0 plate armour
rPois   .          Reflect  .    (no helmet)
rElec   .          Harm     .    (no cloak)
rCorr   .          Rampage  .    (no gloves)
Will    .....                    (no boots)
Stlth   ..........               t
                                   - Hermit's Pendant {Faith Invo=14 Evo=0 MP+5}
HPRegen 0.29/turn                (no ring)
MPRegen 0.17/turn                (no ring)

@: mighty
A: no striking features
a: no special abilities


You were on level 3 of the Dungeon.
You visited 1 branch of the dungeon, and saw 4 of its levels.

You collected 139 gold pieces.

Inventory:

Hand Weapons
 a - a +0 war axe (weapon)
Armour
 b - a +0 scale mail
 c - a +0 buckler (worn)
 h - a +0 plate armour (worn)
Jewellery
 t - the Hermit's Pendant (around neck) {Faith Invo=14 Evo=0 MP+5}
   (You found it on level 3 of the Dungeon)

   [amulet of faith]

   It sets your invocations skill to 14 and your evocations skill to 0.
   It allows you to gain divine favour quickly.
   MP:        It affects your magic capacity (+5).
Wands
 m - a wand of flame (9)
 o - a wand of digging (3)
Scrolls
 f - a scroll of immolation {unknown}
 g - a scroll of identify {unknown}
 i - 2 scrolls of blinking {unknown}
 j - 2 scrolls of noise {unknown}
 l - a scroll of butterflies {unknown}
 q - a scroll of enchant weapon {unknown}
Potions
 e - a potion of curing {unknown}
 k - a potion of heal wounds {unknown}
 n - 3 potions of mutation {unknown}
 p - 2 potions of brilliance {unknown}
 r - a potion of haste {unknown}
 s - a potion of lignification {unknown}


   Skills:
 + Level 5.1 Fighting
 + Level 4.6 Axes
 + Level 4.6 Armour
 + Level 4.5 Shields


You had 5 spell levels left.
You didn't know any spells.
Your spell library contained the following spells:

 Spells                   Type           Power      Damage    Failure   Level
 Apportation              Tloc           0%         N/A       100%        1
 Kiss of Death            Conj/Necr      0%         2d5       100%        1
 Necrotise                Necr           0%         1d4       100%        1
 Summon Small Mammal      Summ           0%         N/A       100%        1
 Confusing Touch          Hex            0%         N/A       100%        3
 Dispel Undead            Necr           0%         3d6       100%        4
 Borgnjor's Revivificati  Necr           0%         N/A       100%        8
 Necromutation            Tmut/Necr      0%         N/A       100%        8
 Death's Door             Necr           0%         N/A       100%        9


Dungeon Overview and Level Annotations

Branches:
Dungeon (4/15)
 Temple: D:4-7

Altars:
Trog

Shops:
D:3 **:=


Message History

You see here 8 stones.
Key pressed, stopping explore.
Key pressed, stopping explore.
You see here 8 stones.
Key pressed, stopping explore.
There is an escape hatch in the floor here.
Key pressed, stopping explore.
There is an entrance to Moramea's Assorted Antiques here.
Key pressed, stopping explore.
Key pressed, stopping explore.
Key pressed, stopping explore.
There is a stone staircase leading down here.
You now have 139 gold pieces (gained 5).
Done exploring.
There is a stone staircase leading down here.
You climb downwards.
The ogre shouts!
The endoplasm quivers.
Found a spear and a robe.
There is a stone staircase leading up here.
You climb upwards.
There is a stone staircase leading down here.
You climb downwards.
The ogre hits you but does no damage.
There is a stone staircase leading up here.
The ogre hits you with a +0 giant club!
You climb upwards.
There is a stone staircase leading down here.
You barely miss the ogre. You hit the ogre.
The ogre is lightly wounded.
The ogre hits you with a +0 giant club!!
Ouch! That really hurt!
* * * LOW HITPOINT WARNING * * *
You slash the ogre!
The ogre is severely wounded.
The ogre hits you with a +0 giant club!
* * * LOW HITPOINT WARNING * * *
You feel very mighty all of a sudden. The ogre hits you with a +0 giant club!
You die...

##.#.###.#..##8##..##.#.≈....####
#.#.# #.#...#.....#.#.#†§_..#
#...# #.#.##.#.#.#.###.≈.§..#
##..###.#.########## ####..##
#.........###### ### ####
#............#.#####.#
#..###.#.##..#.......# # #..#
#.#.##..###..#### # #..#
#.......O@...#####
###..###.#.##..###.##...#
.....)...#.##..# #.##.#.#
####.##.##.##..# #.##.#.#### ####
# #.##..#.##..###....#....# #...
####.##.....)......#######.# #.##
..........<...........#....###.#
#######...###########.#........#
##)## #.#.########


You could see an ogre.

Vanquished Creatures
  A hound (D:3)
  Jessica (D:2)
  Natasha (thrice) (D:2)
  4 adders
  2 worms (D:2)
  A dart slug (D:2)
  6 orcs (D:3)
  3 endoplasms
  7 giant cockroaches
  6 goblins
  9 hobgoblins
  3 jackals (D:1)
  2 quokkas
  4 ball pythons
  7 bats
  4 frilled lizards
  3 kobolds
  7 rats
73 creatures vanquished.

Notes
Turn   | Place    | Note
-------+----------+-------------------------------------------
     0 | D:1      | retardedninja the Hill Orc Fighter began the quest for the
                  | Orb.
     0 | D:1      | Reached XP level 1. HP: 19/19 MP: 1/1
   308 | D:1      | Reached XP level 2. HP: 22/27 MP: 2/2
   452 | D:1      | Found a faded altar of an unknown god.
   541 | D:1      | Reached skill level 4 in Fighting
   735 | D:1      | Reached XP level 3. HP: 33/33 MP: 3/3
  1083 | D:2      | Noticed Natasha
  1089 | D:2      | Killed Natasha
  1090 | D:2      | Reached XP level 4. HP: 30/41 MP: 4/4
  1199 | D:2      | Noticed Natasha
  1207 | D:2      | Killed Natasha
  1318 | D:2      | Reached XP level 5. HP: 38/47 MP: 5/5
  1389 | D:2      | Noticed Jessica
  1390 | D:2      | Killed Jessica
  1420 | D:2      | Noticed Natasha
  1425 | D:2      | Killed Natasha
  1567 | D:2      | Found a bloodstained altar of Trog.
  1903 | D:3      | Found Moramea's Assorted Antiques.
  1940 | D:3      | Found Kiddazag's Jewellery Boutique.
  1958 | D:3      | Found Xaecw's Book Shoppe.
  2104 | D:3      | Reached skill level 5 in Fighting
  2124 | D:3      | Found Sujaxt's General Store.
  2240 | D:3      | Found a faded altar of an unknown god.
  2240 | D:3      | Found the Hermit's Pendant {Faith Invo=14 Evo=0 MP+5}
  2246 | D:3      | Reached XP level 6. HP: 56/56 MP: 6/6
  2701 | D:3      | Mangled by an ogre

Illustrated notes

Levels and vault maps discovered:
D:1:      elethiomel_arrival_maze, layout_basic,
          chequers_ecumenical_altar_simple_redux, minivault_14, minivault_26,
          minmay_close_crescents
D:2:      layout_loops_ring, basic_altar, uniq_natasha, uniq_jessica
D:3:      layout_loops_ring, serial_shops, shop, shop, nicolae_shop_trees,
          nicolae_shop_crystal, hellmonk_guarded_unrand_hermit
D:4:      layout_cave_pods, grunt_temple_overflow_holy_war,
          minmay_temple_entry_tees, grunt_ministairs_15, uniq_duvessa

Skill      XL: |  1  2  3  4  5 |
---------------+----------------+-----
Axes           | 3 4 |  4.6
Fighting       | 4 5 |  5.1
Armour         | 4 |  4.6
Shields        | 4 |  4.5

Action                   |  1- 3 |  4- 6 || total
-------------------------+-------+-------++-------
Melee: War axe           |    99 |   123 ||   222
  Use: Potion            |       |     1 ||     1
Armor: Scale mail        |    33 |       ||    33
       Plate armour      |    15 |    73 ||    88
Dodge: Dodged            |    59 |    32 ||    91
Block: Buckler           |    23 |    35 ||    58

Table legend: (Time is in decaauts)
 A = Elapsed time spent in this place.
 B = Non-inter-level travel time spent in this place.
 C = Inter-level travel time spent in this place.
 D = Time resting spent in this place.
 E = Time spent auto-exploring this place.
 F = Levels seen in this place.
 G = Mean time per level.
                   A        B        C        D        E       F      G
               +--------+--------+--------+--------+--------+-----+--------+
         Total |   2780 |   2757 |     23 |     36 |   2147 |   4 |  695.0 |
       Dungeon |   2780 |   2757 |     23 |     36 |   2147 |   4 |  695.0 |
               +--------+--------+--------+--------+--------+-----+--------+

Top non-repeatable levels by time:
     D:3: 1005 daAuts
     D:1: 918 daAuts
     D:2: 853 daAuts
     D:4: 4 daAuts
